 Dungeon Crawl Stone Soup version 0.21-a0-110-g8e1637b (webtiles) character file.

60085 Ordine the Geomancer (level 14, -1/86 HPs)
             Began as a Gargoyle Earth Elementalist on July 8, 2017.
             Was a High Priest of Vehumet.
             Slain by a dire elephant (19 damage)
             ... on level 5 of the Lair of Beasts.
             The game lasted 01:38:16 (25590 turns).

Ordine the Geomancer (Gargoyle Earth Elementalist) Turns: 25590, Time: 01:38:17

Health: -1/86      AC: 22    Str: 14    XL:     14   Next: 97%
Magic:  5/38       EV: 15    Int: 22    God:    Vehumet [*****.]
Gold:   1391       SH:  4    Dex: 10    Spells: 1/35 levels left

rFire    . . .     SeeInvis +   I - +0 flail (protect)
rCold    . . .     Gourm    .   A - +0 buckler
rNeg     + + .     Faith    .   F - +1 robe of Untold Secrets {MP+9 Int+3}
rPois    ∞         Spirit   .   j - +2 helmet {SInv}
rElec    +         Reflect  .   p - +2 cloak {+Inv}
rCorr    .         Harm     .   r - +0 pair of gloves
MR       ++...                  z - +0 pair of boots
Stlth    ++........             (no amulet)
HPRegen  0.24/turn              v - ring of protection from magic
MPRegen  0.26/turn              B - ring of positive energy

@: flying
A: big wings, negative energy resistance 1, electricity resistance, unbreathing,
petrification resistance, rot immunity, AC +9
a: Stop Flying, Renounce Religion, Evoke Invisibility


You were on level 5 of the Lair of Beasts.
You worshipped Vehumet.
Vehumet was extremely pleased with you.
You were hungry.

You visited 3 branches of the dungeon, and saw 17 of its levels.
You also visited: Ossuary and Bailey.

You collected 1649 gold pieces.
You spent 258 gold pieces at shops.

Inventory:

Hand Weapons
 I - a +0 flail of protection (weapon)
Armour
 j - a +2 helmet of see invisible (worn)
 p - a +2 cloak of invisibility (worn)
 r - a +0 pair of gloves (worn)
 z - a +0 pair of boots (worn)
 A - a +0 buckler (worn)
 F - the +1 robe of Untold Secrets (worn) {MP+9 Int+3}
   (You found it on level 8 of the Dungeon)

   It affects your intelligence (+3).
   It affects your magic capacity (+9).
Jewellery
 v - a ring of protection from magic (left hand)
 B - a ring of positive energy (right hand)
 D - an uncursed ring of see invisible
Wands
 K - a wand of iceblast (9/15)
 M - a wand of digging (4/24)
Scrolls
 b - a scroll of identify
 h - 6 scrolls of teleportation
 i - 3 scrolls of recharging
 m - a scroll of blinking
 n - 5 scrolls of enchant weapon
 t - 3 scrolls of immolation
 u - 7 scrolls of remove curse
 y - a scroll of magic mapping
 E - a scroll of enchant armour
 J - a scroll of fear
 L - 3 scrolls of fog
 P - a scroll of amnesia
Potions
 a - 2 potions of agility
 g - 3 potions of cancellation
 k - 2 potions of curing
 l - a potion of invisibility
 o - 5 potions of brilliance
 q - 4 potions of mutation
 x - 5 potions of lignification
 G - a potion of resistance
 N - a potion of ambrosia
Books
 c - a book of Flames

   Spells                             Type                      Level
   a - Flame Tongue                   Conjuration/Fire             1
   b - Throw Flame                    Conjuration/Fire             2
   c - Conjure Flame                  Conjuration/Fire             3
   d - Inner Flame                    Hexes/Fire                   3
   e - Sticky Flame                   Conjuration/Fire             4
   f - Fireball                       Conjuration/Fire             5
 e - a book of Geomancy

   Spells                             Type                      Level
   a - Sandblast                      Earth                        1
   b - Passwall                       Transmutation/Earth          2
   c - Stone Arrow                    Conjuration/Earth            3
   d - Petrify                        Transmutation/Earth          4
   e - Lee's Rapid Deconstruction     Earth                        5
 C - a book of Air

   Spells                             Type                      Level
   a - Shock                          Conjuration/Air              1
   b - Swiftness                      Charms/Air                   2
   c - Static Discharge               Conjuration/Air              3
   d - Airstrike                      Air                          4
   e - Lightning Bolt                 Conjuration/Air              5
 O - a book of Burglary

   Spells                             Type                      Level
   a - Swiftness                      Charms/Air                   2
   b - Passwall                       Transmutation/Earth          2
   c - Passage of Golubria            Translocation                4
   d - Lee's Rapid Deconstruction     Earth                        5
   e - Darkness                       Hexes                        6
   f - Invisibility                   Hexes                        6
 R - a book of Cantrips

   Spells                             Type                      Level
   a - Confusing Touch                Hexes                        1
   b - Animate Skeleton               Necromancy                   1
   c - Summon Small Mammal            Summoning                    1
   d - Apportation                    Translocation                1
 S - the Disquisition on the Doomed Mountains
   (You found it on level 3 of the Lair of Beasts)

   Spells                             Type                      Level
   a - Sublimation of Blood           Necromancy                   2
   b - Iron Shot                      Conjuration/Earth            6
   c - Simulacrum                     Ice/Necromancy               6
   d - Statue Form                    Transmutation/Earth          6
Miscellaneous
 H - a phial of floods
 Q - a lamp of fire
Comestibles
 d - 9 bread rations
 f - 6 royal jellies
 s - 4 fruits
 w - 16 meat rations
 T - 5 chunks of flesh


   Skills:
 + Level 9.6 Fighting
 + Level 8.2 Maces & Flails
 - Level 6.0 Armour
 + Level 7.1 Dodging
 - Level 3.0 Stealth
 - Level 4.0 Shields
 * Level 11.2 Spellcasting
 + Level 10.2 Conjurations
 + Level 0.8 Charms
   Level 0.7 Transmutations
 + Level 7.6 Fire Magic
 + Level 11.8 Earth Magic
 + Level 6.2 Evocations


You had one spell level left.
You knew the following spells:

 Your Spells              Type           Power        Failure   Level  Hunger
a - Stone Arrow           Conj/Erth      ######       1%          3    None
b - Lee's Rapid Deconstr  Erth           ######....   1%          5    ####...
c - Iron Shot             Conj/Erth      ######....   2%          6    ######.
d - Sticky Flame          Conj/Fire      ######..     1%          4    #......
e - Fireball              Conj/Fire      ######....   1%          5    ####...
f - Bolt of Fire          Conj/Fire      ######....   5%          6    ######.
g - Iskenderun's Battles  Conj/Chrm      #####...     4%          5    ####...


Dungeon Overview and Level Annotations

Branches:
Dungeon (10/15)            Temple (1/1) D:7            Lair (6/6) D:10
  Swamp (0/4) Lair:2       Spider (0/4) Lair:4        Slime (0/5) Lair:6
    Orc: D:9-12

Altars:
Ashenzari
Cheibriados
Dithmenos
Elyvilon
Fedhas
Gozag
Hepliaklqana
Kikubaaqudgha
Makhleb
Nemelex Xobeh
Okawaru
Qazlal
Ru
Sif Muna
Trog
Uskayaw
Vehumet
Wu Jian
Xom
Yredelemnul
Zin
The Shining One
Jiyva

Shops:
D:4 [!!:   D:10 (


Innate Abilities, Weirdness & Mutations

You are resistant to torment.
Your stone body is resilient. (AC +9)
You are immune to poison.
Your large and strong wings let you fly indefinitely.
You resist negative energy. (rN+)
You are resistant to electric shocks. (rElec)
You can survive without breathing.
You are immune to petrification.
You are immune to rotting.


Message History

Confirm with . or Enter, or press ? or * to list all spells.
Aiming: Stone Arrow
Press: ? - help, Shift-Dir - straight line, f/p - dire elephant
Aim: a dire elephant (almost dead)
The stone arrow hits the dire elephant.
The dire elephant is almost dead.
The dire elephant tramples you!
* * * LOW HITPOINT WARNING * * *
You hold your ground!
The dire elephant trunk-slaps you but does no damage.
Unknown command.
Casting: Stone Arrow
Confirm with . or Enter, or press ? or * to list all spells.
Aiming: Stone Arrow
Press: ? - help, Shift-Dir - straight line, f/p - dire elephant
Aim: a dire elephant (almost dead)
The stone arrow hits the dire elephant.
The dire elephant is almost dead.
The dire elephant tramples you!!
You die...

##.#....##..#.........
#.#.######..###...####
##### #.## #...## #
#..###....###
#.###....#.##
####..##....#### ###
#P.P..###....#
#.####P...###P....###
##§.@......###.....#.
#..Y.....^.#........
#...................
##.#......##P.......
####.##.#####..##..
###### ###.### ###


You could see a dire elephant.

Vanquished Creatures
  A dire elephant (Lair:6)
  Harold (Lair:1)
  6 hydras
  2 catoblepae (Lair:6)
  An anaconda (Lair:6)
  Erica (Lair:1)
  3 two-headed ogres (D:10)
  8 death yaks
  A lindwurm (Lair:6)
  4 orc knights (Bailey)
  An oklob plant (Lair:6)
  33 elephants
  3 black mambas
  2 centaur zombies
  Psyche (D:10)
  13 spiny frogs
  A torpor snail (Lair:4)
  7 komodo dragons
  2 rime drakes (Lair:5)
  A queen bee (Lair:3)
  A troll (D:9)
  A polar bear (Lair:6)
  Prince Ribbit (D:6)
  3 dream sheep (Lair:4)
  12 blink frogs
  12 hippogriffs
  31 yaks
  2 basilisks (Lair:3)
  7 wyverns
  2 steam dragons (Lair:3)
  18 water moccasins
  5 porcupines
  Duvessa (D:6)
  11 orc warriors
  4 ice beasts (D:8)
  2 black bears
  3 phantoms
  A sky beast (D:7)
  9 wolves (Lair:3)
  4 ogres
  2 centaurs (D:6)
  20 crocodiles
  Blork the orc (D:6)
  13 bullfrogs
  Dowan (D:6)
  3 scorpions
  A water moccasin skeleton (D:8)
  33 killer bees
  4 wights (D:9)
  2 electric eels
  2 howler monkeys
  5 crimson imps
  4 orc priests
  7 hounds
  A human zombie (Ossuary)
  A bullfrog skeleton (D:5)
  Crazy Yiuf (D:5)
  3 centaur skeletons
  3 jellies
  3 iguanas
  7 orc wizards
  4 hell rats (Lair:5)
  6 worker ants
  2 big kobold zombies (Ossuary)
  A hound zombie (D:7)
  2 hound skeletons
  2 mummies (Ossuary)
  A howler monkey zombie (D:7)
  2 worker ant zombies
  9 gnolls
  7 adders
  A shadow imp (D:5)
  3 ufetubi (D:8)
  2 oozes
  An adder zombie (D:8)
  3 adder skeletons
  4 worms
  A dart slug (D:1)
  2 leopard geckos
  27 orcs
  4 giant cockroaches
  7 goblins
  3 jackals
  6 quokkas
  A ball python (D:4)
  6 bats
  2 frilled lizards
  6 gnoll zombies (Ossuary)
  2 goblin zombies (Ossuary)
  2 hobgoblin zombies (Ossuary)
  7 kobolds
  An orc zombie (Ossuary)
  7 rats
  2 fungi
  2 plants (Lair:6)
477 creatures vanquished.

Vanquished Creatures (others)
  19 fungi
  16 plants
35 creatures vanquished.

Grand Total: 512 creatures vanquished

Notes
Turn   | Place    | Note
-------+----------+-------------------------------------------
     0 | D:1      | Ordine the Gargoyle Earth Elementalist began the quest for the Orb.
     0 | D:1      | Reached XP level 1. HP: 10/10 MP: 3/3
   121 | D:1      | Reached XP level 2. HP: 8/15 MP: 0/5
  1146 | D:2      | Reached XP level 3. HP: 19/19 MP: 4/7
  1151 | D:2      | Learned a level 3 spell: Stone Arrow
  1368 | D:2      | Found a burning altar of Makhleb.
  1888 | D:3      | Reached XP level 4. HP: 23/24 MP: 8/8
  2254 | D:4      | Reached skill level 1 in Conjurations
  2286 | D:4      | Found Jadorifu's Book Shop.
  2445 | D:4      | HP: 1/24 [scorpion (5)]
  2456 | D:4      | Reached skill level 5 in Earth Magic
  2456 | D:4      | Reached XP level 5. HP: 11/28 MP: 9/9
  2671 | D:4      | Learned a level 5 spell: Lee's Rapid Deconstruction
  2869 | D:4      | Found Acupan's Armour Shoppe.
  2872 | D:4      | Bought a +2 helmet of see invisible for 258 gold pieces
  2895 | D:4      | Reached XP level 6. HP: 32/32 MP: 1/11
  2897 | D:4      | Found Innasena's Distillery.
  2972 | D:4      | Found Wusanoim's Distillery.
  3118 | D:4      | Noticed a phantom
  3156 | D:4      | Killed a phantom
  3368 | D:5      | Entered Level 5 of the Dungeon
  3445 | D:5      | Got an ichor-stained mace
  3446 | D:5      | Identified the +6 mace of Charity {drain, -Tele +Fly Dex+5 SInv} (You found it on level 5 of the Dungeon)
  3819 | D:5      | Reached XP level 7. HP: 33/36 MP: 13/13
  4412 | D:5      | Found a runed door.
  4416 | D:5      | Noticed Crazy Yiuf
  4420 | D:5      | Killed Crazy Yiuf
  4684 | D:5      | Found a hazy altar of Hepliaklqana.
  4806 | D:6      | Noticed Duvessa
  4806 | D:6      | Noticed Dowan
  4813 | D:6      | Killed Duvessa
  4813 | D:6      | Reached skill level 1 in Maces & Flails
  4853 | D:6      | Killed Dowan
  4853 | D:6      | Reached skill level 1 in Armour
  4986 | D:6      | Reached skill level 1 in Fighting
  5075 | D:6      | Reached XP level 8. HP: 21/43 MP: 5/15
  5658 | D:6      | Learned a level 4 spell: Sticky Flame
  5764 | D:6      | Noticed Prince Ribbit
  6029 | D:6      | Killed Prince Ribbit
  6029 | D:6      | Reached skill level 1 in Shields
  6029 | D:6      | Reached skill level 5 in Spellcasting
  6166 | D:6      | Noticed Blork the orc
  6170 | D:6      | Killed Blork the orc
  6289 | D:6      | Reached skill level 1 in Fire Magic
  6411 | D:6      | Found an opulent altar of Gozag.
  6482 | D:6      | Reached XP level 9. HP: 37/49 MP: 9/16
  6542 | D:7      | Reached skill level 5 in Conjurations
  6571 | D:7      | Found a sand-covered staircase.
  6582 | Ossuary  | Entered an ossuary
  7223 | D:7      | Found a staircase to the Ecumenical Temple.
  7229 | Temple   | Entered the Ecumenical Temple
  7328 | Temple   | Became a worshipper of Vehumet
  7515 | D:7      | Found a basalt altar of Yredelemnul.
  7833 | D:7      | Found a deep blue altar of Sif Muna.
  8211 | D:8      | Got a brightly glowing robe
  8222 | D:8      | Identified the cursed +1 robe of Untold Secrets {MP+9 Int+3} (You found it on level 8 of the Dungeon)
  8574 | D:8      | Reached * piety under Vehumet
  8574 | D:8      | Offered knowledge of Sting by Vehumet.
  8729 | D:8      | Reached XP level 10. HP: 56/56 MP: 18/18
  9576 | D:9      | Reached ** piety under Vehumet
  9576 | D:9      | Offered knowledge of Magic Dart by Vehumet.
  9576 | D:9      | Reached skill level 1 in Evocations
  9717 | D:9      | Found a shadowy altar of Dithmenos.
  9717 | D:9      | Found a burning altar of Makhleb.
  9982 | D:9      | Reached skill level 5 in Fighting
 10035 | D:10     | Entered Level 10 of the Dungeon
 10117 | D:10     | Found a flagged portal.
 10146 | Bailey   | Entered a bailey
 10147 | Bailey   | Noticed an orc knight
 10154 | Bailey   | Offered knowledge of Searing Ray by Vehumet.
 10157 | Bailey   | Reached skill level 5 in Armour
 10706 | Bailey   | Killed an orc knight
 10706 | Bailey   | Reached XP level 11. HP: 64/64 MP: 0/20
 10849 | Bailey   | Noticed an orc knight
 10903 | Bailey   | Killed an orc knight
 10903 | Bailey   | Reached skill level 5 in Maces & Flails
 11076 | Bailey   | Noticed an orc knight
 11077 | Bailey   | Noticed an orc knight
 11087 | Bailey   | Killed an orc knight
 11101 | Bailey   | Killed an orc knight
 11114 | Bailey   | Reached *** piety under Vehumet
 11277 | D:10     | Noticed a two-headed ogre
 11285 | D:10     | Killed a two-headed ogre
 11463 | D:10     | Noticed Psyche
 11470 | D:10     | Killed Psyche
 11476 | D:10     | Found Voerhaomp's Weapon Emporium.
 11752 | D:10     | Found a staircase to the Lair.
 11874 | D:10     | Noticed a two-headed ogre
 11884 | D:10     | Killed a two-headed ogre
 11886 | D:10     | Offered knowledge of Ignite Poison by Vehumet.
 12203 | D:10     | Noticed a two-headed ogre
 12218 | D:10     | Killed a two-headed ogre
 12218 | D:10     | Reached skill level 5 in Fire Magic
 12307 | D:10     | Learned a level 5 spell: Fireball
 12308 | Lair:1   | Entered Level 1 of the Lair of Beasts
 12596 | Lair:1   | Noticed Erica
 12609 | Lair:1   | Killed Erica
 12609 | Lair:1   | Reached skill level 5 in Dodging
 12891 | Lair:1   | Reached XP level 12. HP: 58/71 MP: 18/22
 13281 | Lair:1   | Noticed Harold
 13296 | Lair:1   | Killed Harold
 13542 | Lair:1   | Noticed a six-headed hydra
 13549 | Lair:1   | Killed a six-headed hydra
 13968 | Lair:2   | Found a staircase to the Swamp.
 14532 | Lair:2   | Reached skill level 10 in Earth Magic
 15122 | Lair:3   | Noticed a four-headed hydra
 15134 | Lair:3   | Killed a four-headed hydra
 15231 | Lair:3   | Noticed a five-headed hydra
 15259 | Lair:3   | Killed a five-headed hydra
 15354 | Lair:3   | Reached **** piety under Vehumet
 15601 | Lair:3   | Offered knowledge of Mephitic Cloud by Vehumet.
 15750 | Lair:3   | Reached XP level 13. HP: 59/78 MP: 10/25
 16236 | Lair:3   | Got a twisted scale mail
 16237 | Lair:3   | Identified the Disquisition on the Doomed Mountains
 16249 | Lair:3   | Identified the +5 scale mail of the Realm of Zot {+Blink rElec MR- Str+2} (You found it on level 3 of the Lair of Beasts)
 16269 | Lair:3   | Learned a level 6 spell: Iron Shot
 16875 | Lair:4   | Reached ***** piety under Vehumet
 16875 | Lair:4   | Offered knowledge of Bolt of Fire by Vehumet.
 17397 | Lair:3   | Learned a level 6 spell: Bolt of Fire
 17494 | Lair:3   | Reached skill level 5 in Evocations
 18359 | Lair:4   | Found a hole to the Spider Nest.
 19632 | Lair:5   | Gained mutation: Your large and strong wings let you fly indefinitely. [Gargoyle growth]
 19632 | Lair:5   | Reached XP level 14. HP: 82/84 MP: 5/27
 21155 | Lair:6   | Entered Level 6 of the Lair of Beasts
 21732 | Lair:6   | HP: 2/86 [catoblepas (23)]
 22267 | Lair:6   | Reached skill level 10 in Spellcasting
 22267 | Lair:6   | Reached skill level 10 in Conjurations
 22421 | Lair:6   | Found a runed door.
 22485 | Lair:6   | Found a viscous altar of Jiyva.
 22827 | Lair:6   | Offered knowledge of Iskenderun's Battlesphere by Vehumet.
 23712 | Lair:6   | Found a staircase to the Slime Pits.
 24299 | Lair:5   | Learned a level 5 spell: Iskenderun's Battlesphere
 24625 | Lair:6   | Noticed a dire elephant
 24625 | Lair:6   | Noticed a dire elephant
 24646 | Lair:6   | Noticed a dire elephant
 24660 | Lair:6   | Noticed a dire elephant
 24670 | Lair:6   | Noticed a dire elephant
 24681 | Lair:6   | Noticed a dire elephant
 25026 | Lair:6   | Killed a dire elephant
 25590 | Lair:5   | Slain by a dire elephant

Vault maps used:
D:1:      nicolae_arrival_somewhat_less_tricky_arrival
D:2:      bloody_makhleb
D:4:      first_bread, serial_shops, shop, nicolae_shop_statue_plus, shop,
          kennysheep_mini
D:5:      marbit_many_paths, uniq_crazy_yiuf_cottage
D:6:      grunt_gozag_breadcrumbs, uniq_duvessa, uniq_prince_ribbit1,
          uniq_blork_the_orc
D:7:      lemuel_round_altar, kennysheep_little_box, temple_statues,
          enter_ossuary_3
D:8:      serial_ice, serial_ice_h, serial_ice_d, serial_ice_j, serial_ice_b
D:9:      gammafunk_temple_overflow_pools
D:10:     david_lair_shrubbed, lightli_bailey_entry_fortress, serial_shops,
          nicolae_shop_competitors_out_of_business, abandoned_shop,
          grunt_ogre_cave, uniq_psyche
Temple:   minmay_temple_bridge_d
Lair:1:   infiniplex_staircase_pool_2, serial_bayou_shore_b, uniq_harold,
          uniq_erica
Lair:2:   statuecave_lemuel, minmay_swamp_entry_reptiles, grunt_megastairs_4
Lair:3:   regret_index_wax_grids, grunt_megastairs_2
Lair:4:   beast_lair_carwin_large_3, dummy_spider_entry
Lair:5:   grunt_megastairs_3
Lair:6:   due_jungle_book, slime_altar_2, minivault_25
Ossuary:  minmay_ossuary_gauntlet
Bailey:   bailey_polearm_4, bailey

Skill      XL: |  1  2  3  4  5  6  7  8  9 10 11 12 13 14 |
---------------+-------------------------------------------+-----
Earth Magic    | 4 5 6 7 8 9 10 11 | 11.8
Conjurations   | 2 3 4 5 6 7 8 9 10 | 10.2
Stealth        | 3 |  3.0
Spellcasting   | 3 4 5 6 8 9 11 | 11.2
Maces & Flails | 1 2 3 4 5 6 7 8 |  8.2
Armour         | 1 2 4 5 6 |  6.0
Fighting       | 1 2 4 5 6 7 8 9 |  9.6
Dodging        | 2 3 4 5 6 7 |  7.1
Shields        | 2 3 4 |  4.0
Fire Magic     | 1 2 4 5 6 7 |  7.6
Evocations     | 2 3 4 5 6 |  6.2
Charms         | |  0.8
Transmutations | |  0.7

Action                   |  1- 3 |  4- 6 |  7- 9 | 10-12 | 13-15 || total
-------------------------+-------+-------+-------+-------+-------++-------
Melee: Unarmed           |    34 |       |       |       |       ||    34
       Club              |   100 |    91 |   116 |       |       ||   307
       Dagger            |     1 |       |       |       |       ||     1
       Flail             |       |       |     1 |    54 |   169 ||   224
 Cast: Sandblast         |    13 |    23 |   116 |   182 |    26 ||   360
       Stone Arrow       |       |    14 |    66 |   232 |   522 ||   834
       Lee's Rapid Decon |       |       |       |    15 |    13 ||    28
       Bolt of Fire      |       |       |       |       |    12 ||    12
       Fireball          |       |       |       |       |     1 ||     1
       Iskenderun's Batt |       |       |       |       |     8 ||     8
 Abil: Fly               |       |       |       |       |     1 ||     1
  Use: Scroll            |    11 |     6 |     6 |     9 |     5 ||    37
       Potion            |       |     4 |     2 |     2 |     2 ||    10
 Stab: Sleeping          |     2 |     1 |     1 |     1 |       ||     5
       Distracted        |     1 |       |     1 |       |       ||     2
       Petrifying        |       |       |       |       |     1 ||     1
  Eat: Chunk             |     3 |     8 |    19 |    16 |    36 ||    82
       Royal jelly       |       |       |       |     3 |       ||     3
       Meat ration       |       |       |       |     1 |       ||     1
       Fruit             |       |       |       |       |     3 ||     3
Armor: Robe              |    45 |    42 |    94 |    96 |   335 ||   612
Dodge: Dodged            |   104 |    72 |   147 |   140 |   407 ||   870
Block: Buckler           |       |       |       |    49 |   101 ||   150
